 Dungeon Crawl Stone Soup version 0.28.0-45-g0d030f2227 (webtiles) character file.

Game seed: 15988781122570167219

55 Uileat the Shield-Bearer (level 3, 0/33 HPs)
             Began as a Minotaur Fighter on Apr 9, 2022.
             Slain by Terence
             ... wielding a +0 trident
              (7 damage)
             ... on level 2 of the Dungeon.
             The game lasted 00:07:44 (1365 turns).

Uileat the Shield-Bearer (Minotaur Fighter)         Turns: 1365, Time: 00:07:44

Health: 0/33       AC:  7    Str: 20    XL:     3   Next: 67%
Magic:  2/2        EV:  9    Int:  5    God:
Gold:   60         SH:  4    Dex: 11    Spells: 2/2 levels left

rFire   . . .      SeeInvis .   a - +0 war axe
rCold   . . .      Faith    .   c - +0 buckler
rNeg    . . .      Spirit   .   b - +0 scale mail
rPois   .          Reflect  .   (helmet restricted)
rElec   .          Harm     .   (no cloak)
rCorr   .          Rampage  .   (no gloves)
Will    .....                   (no boots)
Stlth   ..........              (no amulet)
HPRegen 0.11/turn               (no ring)
MPRegen 0.08/turn               (no ring)

@: no status effects
A: horns 2, retaliatory headbutt
a: no special abilities


You were on level 2 of the Dungeon.
You visited 1 branch of the dungeon, and saw 2 of its levels.

You collected 60 gold pieces.

Inventory:

Hand Weapons
 a - a +0 war axe (weapon)
Missiles
 f - 2 javelins (quivered)
Armour
 b - a +0 scale mail (worn)
 c - a +0 buckler (worn)
Scrolls
 h - a scroll of enchant armour {unknown}
 i - a scroll of holy word {unknown}
Potions
 d - a potion of might
 e - a potion of curing {unknown}
 g - a potion of mutation {unknown}


   Skills:
 + Level 4.0 Fighting
 * Level 3.5 Axes
 + Level 0.8 Throwing
 + Level 4.0 Armour
 + Level 4.1 Shields


You had 2 spell levels left.
You didn't know any spells.
Your spell library was empty.

Dungeon Overview and Level Annotations

Branches:
Dungeon (2/15)

Altars:
Kikubaaqudgha

Annotations:
D:2 Terence


Innate Abilities, Weirdness & Mutations

You have a pair of horns on your head.
You reflexively headbutt those who attack you in melee.


Message History

Terence hits you with a +0 trident.
You barely miss Terence. Terence barely misses you.
You hit Terence.
Terence is lightly wounded.
Terence misses you. Terence hits you with a +0 trident!
You closely miss Terence.
Terence is lightly wounded.
Terence barely misses you. The quokka closely misses you.
You slash Terence! Your headbutt misses Terence.
Terence is heavily wounded.
You hit the hobgoblin. You miss the quokka. Terence completely misses you.
The quokka bites you but does no damage.
The hobgoblin hits you but does no damage.
Terence says, "Rest in peace."
Terence hits you but does no damage.
The quokka bites you but does no damage.
You hit Terence.
Terence is severely wounded.
You closely miss the quokka. You hit the hobgoblin.
You kill the hobgoblin!
The quokka misses you. Terence screams, "I want your blood!"
Terence hits you with a +0 trident.
You hit Terence.
Terence is almost dead.
You hit the quokka.
The quokka bites you but does no damage.
Terence hits you with a +0 trident.
The quokka bites you but does no damage.
Terence barely misses you.
You barely miss Terence.
Terence is almost dead.
You hit the quokka.
You kill the quokka!
Terence hits you with a +0 trident!
* * * LOW HITPOINT WARNING * * *
You hit Terence.
Terence is almost dead.
Terence hits you with a +0 trident!
You die...

... ... .... .....
.....#########
.............###
.........##....#####
#.....#†...........#####
#.....#@####.#..........
#####..@# #..#####.####
.....!# ##.. #.# #
........# ##.# #..
......... .. ####
......... #. .###...##
.#..


You could see Terence.

Vanquished Creatures
  Natasha (D:2)
  A dart slug (D:2)
  An endoplasm (D:1)
  3 giant cockroaches
  6 goblins
  4 hobgoblins
  3 kobolds (D:1)
  2 quokkas
  A frilled lizard (D:1)
  A rat (D:1)
23 creatures vanquished.

Notes
Turn   | Place    | Note
-------+----------+-------------------------------------------
     0 | D:1      | Uileat the Minotaur Fighter began the quest for the Orb.
     0 | D:1      | Reached XP level 1. HP: 19/19 MP: 0/0
   201 | D:1      | Reached XP level 2. HP: 27/27 MP: 1/1
   205 | D:1      | Found a faded altar of an unknown god.
   858 | D:2      | Noticed Natasha
   904 | D:2      | Noticed a crimson imp
   921 | D:2      | Killed Natasha
   922 | D:2      | Reached XP level 3. HP: 21/33 MP: 2/2
  1301 | D:2      | Found an ancient bone altar of Kikubaaqudgha.
  1352 | D:2      | Noticed Terence
  1365 | D:2      | Slain by Terence

Illustrated notes

Levels and vault maps discovered:
D:1:      minmay_arrival_stone_box, layout_loops_ring,
          nicolae_ecumenical_lake_church
D:2:      layout_rooms, basic_altar, uniq_terence, uniq_natasha

Skill      XL: |  1  2 |
---------------+-------+-----
Axes           | 3 |  3.5
Fighting       | 4 |  4.0
Armour         | 4 |  4.0
Shields        | 4 |  4.1
Throwing       | |  0.8

Action                   || total
-------------------------++-------
Melee: War axe           ||    51
       Headbutt          ||     4
  Use: Scroll            ||     2
Armor: Scale mail        ||    15
Dodge: Dodged            ||    25
Block: Buckler           ||     7
